 Dungeon Crawl Stone Soup version 0.25.1-1-g288607f5aa (webtiles) character file.

Game seed: 13843713234365593263

39 Descartes the Sneak (level 3, -1/12 HPs)
             Began as a Felid Enchanter on July 18, 2020.
             Slain by an adder (3 damage)
             ... on level 2 of the Dungeon.
             The game lasted 00:04:43 (2419 turns).

Descartes the Sneak (Felid Enchanter)               Turns: 2419, Time: 00:04:44

Health: -1/12      AC:  1    Str:  7    XL:     3   Next: 28%
Magic:  16/16      EV: 19    Int: 16    God:
Gold:   67         SH:  0    Dex: 16    Spells: 5/6 levels left
                                        Lives:  0   Deaths: 0

rFire    + . .     SeeInvis +     - Unarmed
rCold    + . .     Gourm    .   (shield unavailable)
rNeg     . . .     Faith    .   (armour unavailable)
rPois    +         Spirit   .   (helmet unavailable)
rElec    +         Reflect  .   (cloak unavailable)
rCorr    +         Harm     .   (gloves unavailable)
MR       .....                  (boots unavailable)
Stlth    +++.......             i - amulet of inaccuracy (curse)
HPRegen  0.04/turn              f - ring of magical power
MPRegen  0.15/turn              (no ring)

@: lethally poisoned (-1 -> -11), resistant, quick
A: very small, no armour, no weapons or thrown items, stealth, claws 1, fangs 3,
see invisible, carnivore, speed 1, frail 1, mutation resistance 1, shaggy fur 1,
slow metabolism 1, strong 1, sharp paws
a: no special abilities


You were on level 2 of the Dungeon.
You were completely stuffed.

You visited 1 branch of the dungeon, and saw 2 of its levels.

You collected 67 gold pieces.

Inventory:

Jewellery
 c - an uncursed amulet of faith {unknown}
 e - an uncursed amulet of guardian spirit
 f - a ring of magical power (left paw)
 i - a cursed amulet of inaccuracy (around neck)
Potions
 a - a potion of resistance
 g - a potion of heal wounds {unknown}
 h - a potion of stabbing
Comestibles
 b - 3 rations
 d - 3 chunks of flesh


   Skills:
 + Level 3.4 Dodging
 * Level 5.2 Stealth
 + Level 1.7 Unarmed Combat
 - Level 2.0 Spellcasting
 - Level 4.4 Hexes


You had 5 spell levels left.
You knew the following spells:

 Your Spells              Type           Power        Failure   Level  Hunger
a - Corona                Hex            ###....      3%          1    #......

Your spell library contained the following spells:

 Spells                   Type           Power        Failure   Level  Hunger
 Confusing Touch          Hex            ###.....     11%         3    ###....
 Tukima's Dance           Hex            ###.....     11%         3    ###....
 Ensorcelled Hibernation  Hex/Ice        #.....       13%         2    ###....
 Dazzling Flash           Conj/Hex       #.....       26%         3    ###....


Dungeon Overview and Level Annotations

Branches:
Dungeon (2/15)

Altars:


Innate Abilities, Weirdness & Mutations

You cannot wear armour.
You are incapable of wielding weapons or throwing items.
Your paws allow you to move quietly. (Stealth)
You have sharp claws.
You have razor-sharp teeth.
You have supernaturally acute eyesight. (SInv)
You are carnivorous and can eat meat at any time.
You cover ground quickly.
You are covered in fur. (AC +1)
You have a slow metabolism.
Your sharp claws are effective at attacking unaware monsters.
You are frail. (-10% HP)
You are somewhat resistant to further mutation.
Your muscles are strong. (Str +2)


Message History

You are lethally poisoned!
The adder poisons you! The adder misses you.
It was a potion of resistance.
You feel protected.
You feel sick. The adder barely misses you.
You miss the adder.
The adder is lightly wounded.
The adder closely misses you.
You closely miss the adder.
The adder is lightly wounded.
* * * LOW HITPOINT WARNING * * *
You feel sick. The adder barely misses you. The adder closely misses you.
You scratch the adder.
The adder is moderately wounded.
* * * LOW HITPOINT WARNING * * *
You feel sick. The adder misses you.
You closely miss the adder. Your bite misses the adder.
The adder is moderately wounded.
The adder bites you.
You die...

#.## #.# .... #.#
.... #.# ..... #.#
..... ##.# .....#
#..# #.....# #.##
#########....... #.#
#...@S..........
#.####.#######.......
###......# #....%.
##....##### ......
#.....# ..... #.#####
..#.# #.### .. #
#...## ### ###..##


You could see an adder.

Vanquished Creatures
  An adder (D:2)
  2 oozes
  2 dart slugs (D:1)
  5 bats (D:1)
  A giant cockroach (D:1)
  A goblin (D:1)
  3 hobgoblins (D:1)
  A ball python (D:1)
  A frilled lizard (D:1)
  3 rats
20 creatures vanquished.

Notes
Turn   | Place    | Note
-------+----------+-------------------------------------------
     0 | D:1      | Descartes the Felid Enchanter began the quest for the Orb.
     0 | D:1      | Reached XP level 1. HP: 7/7 MP: 4/4
   244 | D:1      | Reached XP level 2. HP: 7/11 MP: 6/6
  1961 | D:1      | Gained mutation: Your muscles are strong. (Str +2) [potion
                  | of mutation]
  1961 | D:1      | Gained mutation: You are frail. (-10% HP) [potion of
                  | mutation]
  1961 | D:1      | Gained mutation: You are somewhat resistant to further
                  | mutation. [potion of mutation]
  1982 | D:2      | Reached skill level 5 in Stealth
  1982 | D:2      | Reached XP level 3. HP: 12/12 MP: 7/7
  2419 | D:2      | Slain by an adder

Illustrated notes

Levels and vault maps discovered:
D:1:      scummos_arrival_hexagon, layout_basic
D:2:      layout_rooms, uniq_terence, uniq_jessica

Skill      XL: |  1  2 |
---------------+-------+-----
Dodging        | 3 |  3.4
Stealth        | 5 |  5.2
Unarmed Combat | |  1.7
Spellcasting   | |  2.0
Hexes          | |  4.4

Action                   || total
-------------------------++-------
Melee: Unarmed           ||   109
       Bite              ||     8
  Use: Scroll            ||     5
       Potion            ||     2
 Stab: Sleeping          ||     7
  Eat: Chunk             ||    10
Armor: Skin              ||    13
Dodge: Dodged            ||   133
